 Dungeon Crawl Stone Soup version 0.21.1-1-g345015f (webtiles) character file.

205 halftheisland the Poker (level 5, -2/70 HPs)
             Began as a Draconian Berserker on Feb 13, 2018.
             Was a Priest of Trog.
             Slain by a worker ant (3 damage)
             ... on level 4 of the Dungeon.
             The game lasted 00:14:20 (2464 turns).

halftheisland the Poker (Draconian Berserker)       Turns: 2464, Time: 00:14:20

Health: -2/70      AC:  5    Str: 21    XL:     5   Next: 53%
Magic:  5/5        EV: 13    Int:  7    God:    Trog [***...]
Gold:   151        SH:  0    Dex: 11    Spells: 4/4 levels left

rFire    . . .     SeeInvis .   a - +1 spear
rCold    . . .     Gourm    .   (no shield)
rNeg     . . .     Faith    .   (armour unavailable)
rPois    .         Spirit   .   (helmet restricted)
rElec    +         Reflect  .   (no cloak)
rCorr    .         Harm     .   (no gloves)
MR       .....                  (no boots)
Stlth    ..........             (no amulet)
HPRegen  0.21/turn              f - -4 ring of strength (curse)
MPRegen  0.09/turn              (no ring)

@: berserking, lethally poisoned (-2 -> -19), very quick
A: unfitting armour, big wings, electricity resistance, cold-blooded, AC +5
a: Fly, Berserk, Trog's Hand, Burn Spellbooks, Renounce Religion


You were on level 4 of the Dungeon.
You worshipped Trog.
Trog was most pleased with you.
You were not hungry.

You visited 1 branch of the dungeon, and saw 4 of its levels.

You collected 151 gold pieces.

Inventory:

Hand Weapons
 a - a +1 spear (weapon)
 g - a cursed -2 dagger
Missiles
 i - 2 javelins (quivered)
Jewellery
 f - a cursed -4 ring of strength (left hand)
 h - an uncursed amulet of guardian spirit {unknown}
 j - a +6 ring of evasion {unknown}
 l - an uncursed ring of flight {unknown}
Wands
 c - a wand of flame (11)
Scrolls
 k - a scroll of fog {unknown}
Potions
 d - a potion of brilliance
 e - a potion of magic
Comestibles
 b - 6 rations


   Skills:
 * Level 4.6 Fighting
 * Level 4.8 Polearms
 + Level 3.3 Dodging
 - Level 1.0 Stealth


You had 4 spell levels left.
You didn't know any spells.

Dungeon Overview and Level Annotations

Branches:
Dungeon (4/15)
 Temple: D:4-7

Altars:
Cheibriados
Yredelemnul

Shops:
D:4 *

Annotations:
D:4 letownia2's ghost, weakling MfGl


Innate Abilities, Weirdness & Mutations

Your plain brown scales are hard. (AC +5)
You cannot fit into any form of body armour.
You are cold-blooded and may be slowed by cold attacks.
Your large and strong wings let you fly indefinitely.
You are resistant to electric shocks. (rElec)


Message History

The worker ant is severely wounded.
* * * LOW HITPOINT WARNING * * *
You feel sick. The worker ant closely misses you.
A red film seems to cover your vision as you go berserk!
You feel yourself moving faster!
You feel mighty!
You feel a lot more hungry.
* * * LOW HITPOINT WARNING * * *
You feel sick. The worker ant bites you.
* * * LOW HITPOINT WARNING * * *
You are more poisoned.
The worker ant poisons you!
You are too berserk!
You barely miss the worker ant.
The worker ant is severely wounded.
* * * LOW HITPOINT WARNING * * *
You feel sick. The worker ant misses you.
You closely miss the worker ant.
Your tail-slap misses the worker ant.
The worker ant is severely wounded.
* * * LOW HITPOINT WARNING * * *
You feel sick. The worker ant bites you.
You die...

...# #..... ......#
.... .)...## #.#...
....###....### #.#.#
.............###...#
..............##..##
.................##
................Z#
..##...........#a#
..............##@#
.###................#
#...........#.##...#
#..............# #.#
#....†.........# #
######.........#
#...#.###..
#......##.. #.......#


You could see a worker ant and a hound skeleton.

Vanquished Creatures
  A centaur skeleton (D:4)
  Ijyb (D:3)
  Terence (D:2)
  4 adders
  2 oozes
  3 worms
  3 leopard geckos
  7 giant cockroaches
  13 goblins
  7 hobgoblins
  7 jackals
  7 kobolds
  A quokka (D:3)
  7 bats
  5 frilled lizards
  6 rats
75 creatures vanquished.

Vanquished Creatures (others)
  An adder (D:3)
1 creature vanquished.

Grand Total: 76 creatures vanquished

Notes
Turn   | Place    | Note
-------+----------+-------------------------------------------
     0 | D:1      | halftheisland the Draconian Berserker began the quest for the Orb.
     0 | D:1      | Reached XP level 1. HP: 19/19 MP: 1/1
   158 | D:1      | Reached XP level 2. HP: 26/26 MP: 2/2
   228 | D:1      | Found a snail-covered altar of Cheibriados.
   653 | D:1      | Reached XP level 3. HP: 33/33 MP: 3/3
   890 | D:2      | Reached ** piety under Trog
  1013 | D:2      | Reached XP level 4. HP: 37/40 MP: 4/4
  1127 | D:2      | Noticed Terence
  1162 | D:2      | Killed Terence
  1252 | D:2      | Gained mutation: Your large and strong wings let you fly indefinitely. [potion of mutation]
  1252 | D:2      | Gained mutation: You are resistant to electric shocks. (rElec) [potion of mutation]
  1820 | D:3      | Found a faded altar of an unknown god.
  1835 | D:3      | Reached *** piety under Trog
  1932 | D:3      | Noticed Ijyb
  1983 | D:3      | Killed Ijyb
  1983 | D:3      | Reached XP level 5. HP: 42/47 MP: 5/5
  2395 | D:4      | Noticed letownia2's ghost (weakling MfGl)
  2397 | D:4      | Found a basalt altar of Yredelemnul.
  2406 | D:4      | Reached skill level 1 in Stealth
  2429 | D:4      | Found Ishui's General Store.
  2462 | D:4      | HP: 3/70 [worker ant (2)]
  2464 | D:4      | HP: 1/70 [poisoned by a worker ant]
  2464 | D:4      | Slain by a worker ant

Skill      XL: |  1  2  3  4  5 |
---------------+----------------+-----
Fighting       | 4 |  4.6
Dodging        | 3 |  3.3
Polearms       | 4 |  4.8
Stealth        | 1 |  1.0

Action                   |  1- 3 |  4- 6 || total
-------------------------+-------+-------++-------
Melee: Spear             |   123 |   187 ||   310
       Tailslap          |    10 |    17 ||    27
Invok: Berserk           |       |     2 ||     2
  Use: Scroll            |     3 |     7 ||    10
       Potion            |       |     6 ||     6
 Stab: Invisible         |       |     2 ||     2
       Sleeping          |       |     2 ||     2
  Eat: Ration            |       |     2 ||     2
Armor: Skin              |    18 |    33 ||    51
Dodge: Dodged            |    53 |   119 ||   172
